 Dungeon Crawl Stone Soup version 0.21-a0-401-g0b6bec4 (webtiles) character file.

93 riteheju the Covert (level 4, -4/22 HPs)
             Began as a Spriggan Assassin on Oct 25, 2017.
             Killed from afar by Natasha (10 damage)
             ... with a magic dart
             ... on level 3 of the Dungeon.
             The game lasted 00:09:24 (3239 turns).

riteheju the Covert (Spriggan Assassin)             Turns: 3239, Time: 00:09:25

Health: -4/22      AC:  3    Str:  7    XL:     4   Next: 36%
Magic:  5/5        EV: 18    Int: 12    God:
Gold:   189        SH:  0    Dex: 18    Spells: 3/3 levels left

rFire    . . .     SeeInvis +   a - +2 dagger
rCold    . . .     Gourm    .   (shield restricted)
rNeg     . . .     Faith    .   c - +0 robe
rPois    .         Spirit   .   (helmet restricted)
rElec    .         Reflect  .   d - +0 cloak
rCorr    .         Harm     .   (gloves unavailable)
MR       .....                  (boots unavailable)
Stlth    ++++......             (no amulet)
HPRegen  0.07/turn              (no ring)
MPRegen  0.09/turn              (no ring)

@: very quick
A: unfitting armour, see invisible, herbivore 3, speed 3, slow metabolism 2
a: no special abilities


You were on level 3 of the Dungeon.
You were not hungry.

You visited 1 branch of the dungeon, and saw 3 of its levels.

You collected 189 gold pieces.

Inventory:

Hand Weapons
 a - a +2 dagger (weapon)
 b - a +0 blowgun
Missiles
 e - 25 poisoned needles
 f - 2 curare-tipped needles
 q - 63 stones (quivered)
 v - 14 bolts
 w - 7 sling bullets
Armour
 c - a +0 robe (worn)
 d - a +0 cloak (worn)
Scrolls
 l - 3 scrolls of identify
 m - 2 scrolls of remove curse
 o - 2 scrolls of immolation {unknown}
 r - a scroll of fog {unknown}
 s - a scroll of teleportation {unknown}
 t - a scroll of magic mapping {unknown}
Potions
 h - a potion of degeneration {unknown}
 i - 3 potions of curing {unknown}
 j - a potion of invisibility
 k - 2 potions of cancellation
 p - a potion of haste {unknown}
 u - a potion of lignification {unknown}
Comestibles
 g - 3 bread rations
 n - 2 royal jellies


   Skills:
 - Level 1.5 Fighting
 + Level 2.7 Short Blades
 - Level 2.0 Throwing
 + Level 2.7 Dodging
 * Level 8.2 Stealth


You had 3 spell levels left.
You didn't know any spells.

Dungeon Overview and Level Annotations

Branches:
Dungeon (3/15)

Altars:
Ashenzari
Qazlal
Ru

Annotations:
D:3 Natasha


Innate Abilities, Weirdness & Mutations

You are very small and have problems with some larger weapons.
You are too small for most types of armour.
You have supernaturally acute eyesight. (SInv)
You are a herbivore.
You cover ground extremely quickly.
You need consume almost no food.


Message History

Natasha claws you but does no damage.
You hit Natasha but do no damage.
Natasha is lightly wounded.
Natasha claws you.
You hit Natasha.
Natasha is lightly wounded.
Natasha casts a spell at you. The magic dart hits you!
* * * LOW HITPOINT WARNING * * *
You completely miss Natasha.
Natasha is lightly wounded.
Natasha completely misses you.
You completely miss Natasha.
Natasha is lightly wounded.
Natasha barely misses you.
You hit Natasha but do no damage.
Natasha is lightly wounded.
Natasha casts a spell at you. The magic dart hits you!
You die...

#..#......###.. ....
#......#.## ##. #....
##.###...# #. #....
#.##..### ##
#....######.##.##
.#............#.#
................#.##
#..##.....h.....#..### ##
#.........@....###...# #.
#.................##.## ##.
#........)........##..#+#..
#..........#+##...###.....#
#...$.....#..)#...# ###.###
#.........#...#....#.......
.....#..###...####...######
#####..#⌠ #+## #... .... ..
#....


You could see Natasha.

Vanquished Creatures
  Natasha (D:3)
  An adder (D:2)
  3 dart slugs (D:1)
  A leopard gecko (D:2)
  2 orcs (D:3)
  4 giant cockroaches
  5 goblins
  5 hobgoblins
  4 jackals
  6 kobolds
  A quokka (D:2)
  7 bats
  A frilled lizard (D:2)
  4 rats (D:1)
45 creatures vanquished.

Notes
Turn   | Place    | Note
-------+----------+-------------------------------------------
     0 | D:1      | riteheju the Spriggan Assassin began the quest for the Orb.
     0 | D:1      | Reached XP level 1. HP: 10/10 MP: 2/2
    70 | D:1      | Reached skill level 6 in Stealth
   138 | D:1      | Reached XP level 2. HP: 8/14 MP: 3/3
   571 | D:1      | Reached skill level 7 in Stealth
  1129 | D:2      | Reached XP level 3. HP: 9/18 MP: 4/4
  1287 | D:2      | Found a stormy altar of Qazlal.
  1287 | D:2      | Noticed a water elemental
  1514 | D:2      | Found a sacrificial altar of Ru.
  2690 | D:2      | Noticed a fire elemental
  2691 | D:2      | Noticed an air elemental
  2691 | D:2      | Noticed an earth elemental
  3181 | D:3      | Noticed Natasha
  3183 | D:3      | Reached XP level 4. HP: 16/22 MP: 5/5
  3198 | D:3      | Killed Natasha
  3198 | D:3      | Reached skill level 8 in Stealth
  3203 | D:3      | Found a shattered altar of Ashenzari.
  3224 | D:3      | Noticed Natasha
  3239 | D:3      | Killed from afar by Natasha

Vault maps used:
D:1:      mainiacjoe_arrival_reflecting_pool
D:2:      nicolae_qazlal_style_of_elements, hangedman_ru_absence, first_bread,
          minmay_tetromino_t2
D:3:      cheibrodos_greedy_goblins, evilmike_ruin_ashenzari, uniq_ijyb,
          uniq_crazy_yiuf_cottage, uniq_natasha, uniq_jessica

Skill      XL: |  1  2  3  4 |
---------------+-------------+-----
Stealth        | 6 7 8 |  8.2
Dodging        | 2 |  2.7
Fighting       | |  1.5
Short Blades   | |  2.7
Throwing       | |  2.0

Action                   |  1- 3 |  4- 6 || total
-------------------------+-------+-------++-------
Melee: Dagger            |   202 |    25 ||   227
 Fire: Blowgun           |     6 |       ||     6
Throw: Stone             |    11 |     1 ||    12
  Use: Scroll            |     2 |       ||     2
       Potion            |     1 |       ||     1
 Stab: Sleeping          |     9 |       ||     9
       Invisible         |     1 |       ||     1
Armor: Robe              |    29 |     1 ||    30
Dodge: Dodged            |   158 |    16 ||   174

Table legend:
 A = Spawn XP
 B = Non-spawn XP
 C = Spawn XP percentage of total XP
 D = Spawn monster count
 E = Non-spawn monster count
 F = Spawn count percentage of total count
 G = Total turns spent on level
                    A         B        C        D         E        F      G
               +---------+---------+-------+---------+---------+-------+---------
         Total |       0 |     133 |   0.0 |       0 |      45 |   0.0 |  3239
               +---------+---------+-------+---------+---------+-------+---------
           D:1 |       0 |      40 |   0.0 |       0 |      21 |   0.0 |  1706
           D:2 |       0 |      50 |   0.0 |       0 |      20 |   0.0 |  1211
           D:3 |       0 |      43 |   0.0 |       0 |       4 |   0.0 |   322
               +---------+---------+-------+---------+---------+-------+---------
